 Dungeon Sprint DCSS version 0.31-a0-795-g5eb97db20b (webtiles) character file.

Game seed: 18349536779883904758

19594 sircluck the Brawler (level 12, -5/144 HPs)
             Began as a Troll Berserker on Sept 19, 2023.
             Was the Champion of Trog.
             Slain by a killer bee (6 damage)
             ... in the Dungeon (Sprint III: "The Ten Rune Challenge").
             The game lasted 00:06:36 (1419 turns).

sircluck the Brawler (Troll Berserker)              Turns: 1419, Time: 00:06:37

Health: -5/144     AC:  6    Str: 32    XL:     12   Next: 37%
Magic:  11/11      EV: 14    Int:  3    God:    Trog [******]
Gold:   60         SH:  0    Dex:  9    Spells: 11/11 levels left

rFire   . .          .
                       - Unarmed
rCold   . . .        (no shield)
rNeg    . . .        i - +1 robe {Will+}
rPois   .            (helmet restricted)
rElec   .            j - +0 cloak
rCorr   .            (gloves unavailable)
SInv    .            (boots unavailable)
Will    +....        (no amulet)
Stlth   +            (no ring)
HPRegen 1.24/turn    (no ring)
MPRegen 0.12/turn

%: no teleportation
@: lethally poisoned (-5 -> -6), on berserk cooldown, slowed, very slow
A: large, unfitting armour, claws 3, regeneration 1, shaggy fur 1, tough skin 1
a: Renounce Religion, Berserk, Trog's Hand, Brothers in Arms


You were in the Dungeon.
You worshipped Trog.
Trog was exalted by your worship.
You visited 1 branch You collected 60 gold pieces.

Inventory:

Missiles
 c - 7 curare-tipped darts
Armour
 a - a +0 animal skin
 i - a +1 robe of willpower (worn)
 j - a +0 cloak (worn)
 r - the +3 hat of Pondering {ponderous, Will+ MP+10 Int+5}
   (You took it off Gastronok in the Dungeon)

   Int+5:     It affects your intelligence (+5).
   Will+:     It increases your willpower.
   MP+10:     It affects your magic capacity (+10).
Wands
 p - a wand of acid (10)
Scrolls
 h - 2 scrolls of enchant armour {unknown}
 l - a scroll of poison {unknown}
 n - a scroll of immolation {unknown}
 o - a scroll of identify {unknown}
Potions
 d - a potion of haste
 e - 2 potions of magic
 f - a potion of berserk rage
 k - 5 potions of mutation {unknown}
 m - 2 potions of enlightenment {unknown}
 s - 2 potions of attraction {unknown}
Miscellaneous
 q - a phial of floods (inert)


   Skills:
 + Level 16.2 Fighting
 + Level 16.0 Dodging
 + Level 18.8 Unarmed Combat


You had 11 spell levels left.
You didn't know any spells.
Your spell library was empty.

Dungeon Overview and Level Annotations

Branches:
Dungeon (1/1)

Altars:
Cheibriados
Dithmenos
Elyvilon
Fedhas
Gozag
Hepliaklqana
Kikubaaqudgha
Makhleb
Nemelex Xobeh
Okawaru
Qazlal
Ru
Sif Muna
Trog
Uskayaw
Vehumet
Wu Jian
Xom
Yredelemnul
Zin
The Shining One
Jiyva
Lugonu


Innate Abilities, Weirdness & Mutations

You are too large for most types of armour.
You have claws for hands.
Your natural rate of healing is unusually fast.
You are covered in fur. (AC +1)
You have tough skin. (AC +1)


Message History

* * * LOW HITPOINT WARNING * * *
* * * LOW HITPOINT WARNING * * *
You feel very sick.
The killer bee stings you but does no damage.
The killer bee closely misses you. The killer bee barely misses you.
You feel better.
The killer bee misses you. x2; The killer bee stings you.
* * * LOW HITPOINT WARNING * * *
You are poisoned.
The killer bee poisons you!
The killer bee stings you but does no damage.
The killer bee rages.
The killer bee stings you.
* * * LOW HITPOINT WARNING * * *
You are more poisoned.
The killer bee poisons you!
You feel better. The killer bee misses you.
The killer bee rages.
The killer bee stings you!
* * * LOW HITPOINT WARNING * * *
The killer bee stings you but does no damage.
The killer bee closely misses you.
Aim the phial where?
Press: ? - help, Q - select action, (/) - cycle Shift-Dir - straight line, f - killer bee
Aim: a killer bee (berserk)
The torrent of water hits the killer bee.
The killer bee is lightly wounded.
The killer bee is knocked back by the torrent of water.
The killer bee collides with the killer bee!
The killer bee is lightly wounded.
The killer bee is moderately wounded.
The killer bee is engulfed in water.
The wave splashes down.
Splash!
You fall into the shallow water.
The killer bee is engulfed in water. x2
The queen bee is engulfed in water.
The killer bee closely misses you. The killer bee misses you.
The killer bee stings you.
* * * LOW HITPOINT WARNING * * *
You are lethally poisoned!
The killer bee poisons you! The killer bee stings you.
You die...

###### __#__# _.#._# ###)##
.....# .....# ####'#
_#...#+##########################
_#...#....#.#.#~@yyy#.^.^yyyy..~≈
_#...##.#..#.##)###y#....y^#y..~≈
_#...'##)#.#.##.#.y##...^..# ..~≈
_'...#..)#..#..##..'.......# .y~
▓▓▓▓▓▓▓▓▓▓▓▓▓▓▓▓▓▓▓#.^.^...# y.
♣♣)~~........~~~...#).....^# y
♣'♣≈≈≈≈≈≈≈≈≈≈≈≈♣♣P.'.^.....#
~♣♣♣♣♣♣♣♣♣♣♣♣♣♣♣♣PP#.....^^# .♣♣
♣♣♣##)########


You could see a queen bee (unsilenced, waterlogged) and 3 killer bees.

Vanquished Creatures
  Rupert (D)
  Harold (D)
  Erolcha (D)
  4 death yaks (D)
  Urug (D)
  A death drake (D)
  A lindwurm (D)
  Joseph (D)
  A deep elf pyromancer (D)
  2 black mambas (D)
  2 cane toads (D)
  A rime drake (D)
  A komodo dragon (D)
  2 tyrant leeches (D)
  8 blink frogs (D)
  A shadow (D)
  3 wandering mushrooms (D)
  5 redbacks (D)
  A spatial vortex (D)
  A swamp drake (D)
  5 two-headed ogres (D)
  A necrophage (D)
  A water elemental (D)
  21 killer bees (D)
  Crazy Yiuf (D)
  A jelly (D)
  Jessica (D)
  A wizard (D)
  A necromancer (D)
  A kobold demonologist (D)
  3 humans (D)
  3 rats (D)
79 creatures vanquished.

Vanquished Creatures (collateral kills)
  Gastronok (D)
  2 dire elephants (D)
  2 hydras (D)
  2 elephants (D)
  7 killer bees (D)
  An electric eel (D)
15 creatures vanquished.

Grand Total: 94 creatures vanquished

Notes
Turn   | Place    | Note
-------+----------+-------------------------------------------
     0 | D        | sircluck the Troll Berserker began the quest for the Orb.
     0 | D        | Reached XP level 1. HP: 22/22 MP: 0/0
    25 | D        | Noticed Jessica
    28 | D        | Killed Jessica
    28 | D        | Reached ** piety under Trog
    29 | D        | Reached skill level 4 in Unarmed Combat
    29 | D        | Reached XP level 2. HP: 32/32 MP: 1/1
    88 | D        | Reached XP level 3. HP: 11/39 MP: 2/2
   115 | D        | Noticed Crazy Yiuf
   121 | D        | Killed Crazy Yiuf
   121 | D        | Reached *** piety under Trog
   122 | D        | Reached skill level 5 in Unarmed Combat
   122 | D        | Reached XP level 4. HP: 41/49 MP: 3/3
   148 | D        | Noticed a water elemental
   157 | D        | Killed a water elemental
   158 | D        | Reached skill level 5 in Fighting
   158 | D        | Reached skill level 5 in Dodging
   158 | D        | Reached skill level 6 in Unarmed Combat
   208 | D        | Found a basalt altar of Yredelemnul.
   208 | D        | Found a shadowy altar of Dithmenos.
   208 | D        | Found a sacrificial altar of Ru.
   208 | D        | Noticed a necrophage
   210 | D        | Killed a necrophage
   211 | D        | Reached skill level 7 in Unarmed Combat
   211 | D        | Reached XP level 5. HP: 59/59 MP: 4/4
   230 | D        | Found a radiant altar of Vehumet.
   230 | D        | Found a shimmering blue altar of Sif Muna.
   230 | D        | Found an ancient bone altar of Kikubaaqudgha.
   231 | D        | Reached **** piety under Trog
   246 | D        | Found a hide-covered altar of Uskayaw.
   246 | D        | Found an iron altar of Okawaru.
   246 | D        | Found a bloodstained altar of Trog.
   246 | D        | Found an ornate altar of the Wu Jian Council.
   246 | D        | Noticed a human
   247 | D        | Noticed a human
   252 | D        | Killed a human
   253 | D        | Reached skill level 8 in Unarmed Combat
   253 | D        | Reached XP level 6. HP: 71/71 MP: 5/5
   258 | D        | Killed a human
   258 | D        | Reached ***** piety under Trog
   259 | D        | Reached skill level 9 in Unarmed Combat
   259 | D        | Reached XP level 7. HP: 79/79 MP: 6/6
   310 | D        | Noticed a shadow
   315 | D        | Killed a shadow
   319 | D        | Reached skill level 10 in Unarmed Combat
   326 | D        | Found a blossoming altar of Fedhas.
   326 | D        | Found a stormy altar of Qazlal.
   326 | D        | Found a snail-covered altar of Cheibriados.
   326 | D        | Found a burning altar of Makhleb.
   326 | D        | Found a shimmering altar of Xom.
   327 | D        | Found a hazy altar of Hepliaklqana.
   327 | D        | Found an opulent altar of Gozag.
   327 | D        | Found a sparkling altar of Nemelex Xobeh.
   327 | D        | Found a corrupted altar of Lugonu.
   327 | D        | Found a viscous altar of Jiyva.
   327 | D        | Noticed a spatial vortex
   332 | D        | Killed a spatial vortex
   332 | D        | Received a gift from Trog
   359 | D        | Found a glowing silver altar of Zin.
   359 | D        | Found a glowing golden altar of the Shining One.
   359 | D        | Found a white marble altar of Elyvilon.
   360 | D        | Noticed a deep elf pyromancer
   362 | D        | Killed a deep elf pyromancer
   363 | D        | Reached skill level 11 in Unarmed Combat
   363 | D        | Reached XP level 8. HP: 92/92 MP: 7/7
   472 | D        | Noticed a two-headed ogre
   478 | D        | Killed a two-headed ogre
   479 | D        | Reached skill level 10 in Fighting
   479 | D        | Reached skill level 10 in Dodging
   502 | D        | Noticed a two-headed ogre
   502 | D        | Noticed Erolcha
   506 | D        | Killed Erolcha
   507 | D        | Reached skill level 12 in Unarmed Combat
   507 | D        | Reached XP level 9. HP: 102/102 MP: 8/8
   508 | D        | Killed a two-headed ogre
   514 | D        | Received a gift from Trog
   515 | D        | Reached skill level 13 in Unarmed Combat
   574 | D        | Noticed a wandering mushroom
   579 | D        | Noticed a wandering mushroom
   581 | D        | Noticed a wandering mushroom
   598 | D        | Killed a wandering mushroom
   613 | D        | Noticed a cane toad
   613 | D        | Noticed a komodo dragon
   613 | D        | Noticed a cane toad
   617 | D        | Killed a cane toad
   619 | D        | Killed a cane toad
   619 | D        | Received a gift from Trog
   619 | D        | Reached ****** piety under Trog
   620 | D        | Reached XP level 10. HP: 115/115 MP: 9/9
   667 | D        | Reached skill level 14 in Unarmed Combat
   691 | D        | Received a gift from Trog
   704 | D        | Noticed an elephant
   704 | D        | Noticed an elephant
   707 | D        | Noticed a dire elephant
   708 | D        | Killed an elephant
   711 | D        | Noticed a dire elephant
   712 | D        | Killed a dire elephant
   713 | D        | Reached skill level 15 in Unarmed Combat
   715 | D        | Killed a dire elephant
   719 | D        | Noticed Gastronok
   724 | D        | Killed an elephant
   727 | D        | Killed Gastronok
   728 | D        | Reached skill level 16 in Unarmed Combat
   728 | D        | Reached XP level 11. HP: 128/128 MP: 10/10
   735 | D        | Noticed an azure jelly
   736 | D        | Noticed an azure jelly
   736 | D        | Noticed an azure jelly
   738 | D        | Noticed an azure jelly
   740 | D        | Noticed Rupert
   753 | D        | Killed Rupert
   795 | D        | Noticed a death yak
   795 | D        | Noticed a death yak
   877 | D        | Noticed a death yak
   877 | D        | Noticed a death yak
   881 | D        | Received a gift from Trog
   884 | D        | Killed a death yak
   890 | D        | Killed a death yak
   895 | D        | Killed a death yak
   896 | D        | Reached skill level 17 in Unarmed Combat
   897 | D        | Killed a death yak
   918 | D        | Received a gift from Trog
   919 | D        | Reached skill level 15 in Fighting
  1073 | D        | Noticed a lindwurm
  1083 | D        | Killed a lindwurm
  1084 | D        | Reached skill level 15 in Dodging
  1193 | D        | Received a gift from Trog
  1193 | D        | Noticed Urug
  1196 | D        | Killed Urug
  1204 | D        | Noticed a seven-headed hydra
  1204 | D        | Noticed a seven-headed hydra
  1208 | D        | Killed a six-headed hydra
  1209 | D        | Reached skill level 18 in Unarmed Combat
  1209 | D        | Reached XP level 12. HP: 127/143 MP: 11/11
  1210 | D        | Killed a seven-headed hydra
  1276 | D        | Noticed Joseph
  1278 | D        | Noticed Harold
  1285 | D        | Killed Joseph
  1288 | D        | Killed Harold
  1288 | D        | Received a gift from Trog
  1367 | D        | Received a gift from Trog
  1382 | D        | Received a gift from Trog
  1405 | D        | Received a gift from Trog
  1415 | D        | HP: 6/144 [killer bee (7)]
  1419 | D        | HP: 1/144 [killer bee (4)]
  1419 | D        | Slain by a killer bee

Illustrated notes

Levels and vault maps discovered:
D:        dungeon_sprint_mu [sprint_mu_entry_cave, sprint_mu_temple_rooms,
          sprint_mu_d1_spiders, sprint_mu_d2_genie, sprint_mu_d3_branching,
          sprint_mu_orc_legion, sprint_mu_elf_gauntlet, sprint_mu_hive_nellie,
          sprint_mu_lair_fedhas, sprint_mu_vaults_butterflies,
          sprint_mu_slime_circle, sprint_mu_shoals_archi,
          sprint_mu_snake_twists, sprint_mu_blade_basic,
          sprint_mu_crypt_fortress, sprint_mu_tomb_spiral,
          sprint_mu_vestibule_basic, sprint_mu_gehenna_hellfire,
          sprint_mu_dis_giant, sprint_mu_tartarus_statrot,
          sprint_mu_cocytus_islands, sprint_mu_zot1]

Skill      XL: |  1  2  3  4  5  6  7  8  9 10 11 12 |
---------------+-------------------------------------+-----
Fighting       | 3 4 6 7 9 10 11 13 15 16 | 16.2
Dodging        | 3 4 5 7 9 10 11 13 15 16 | 16.0
Unarmed Combat | 4 5 7 8 9 11 12 13 16 18 | 18.8

Action                     |  1- 3 |  4- 6 |  7- 9 | 10-12 || total
---------------------------+-------+-------+-------+-------++-------
  Melee: Unarmed           |    27 |    25 |    50 |   143 ||   245
         Punch             |       |     2 |     2 |    11 ||    15
 Invoke: Berserk           |       |     2 |     2 |     3 ||     7
         Brothers in Arms  |       |       |       |     4 ||     4
  Evoke: Phial of floods   |       |       |       |     1 ||     1
    Use: Potion            |       |       |       |     4 ||     4
         Scroll            |       |       |       |     1 ||     1
   Stab: Sleeping          |     1 |       |       |     1 ||     2
         Distracted        |       |       |       |     1 ||     1
 Armour: Animal skin       |     4 |       |       |       ||     4
         Robe              |    12 |     8 |    21 |   103 ||   144
         Skin              |     4 |       |       |       ||     4
  Dodge: Dodged            |    10 |     4 |    11 |   103 ||   128

Table legend: (Time is in decaauts)
 A = Elapsed time spent in this place.
 B = Non-inter-level travel time spent in this place.
 C = Inter-level travel time spent in this place.
 D = Time resting spent in this place.
 E = Time spent auto-exploring this place.
 F = Levels seen in this place.
 G = Mean time per level.
                   A        B        C        D        E       F      G
               +--------+--------+--------+--------+--------+-----+--------+
         Total |   1395 |   1322 |     73 |    611 |     59 |   1 | 1395.0 |
       Dungeon |   1395 |   1322 |     73 |    611 |     59 |   1 | 1395.0 |
               +--------+--------+--------+--------+--------+-----+--------+

Top non-repeatable levels by time:
       D: 1395 daAuts
